 Dungeon Crawl Stone Soup version 0.31-a0-236-g9a0961fb85 (webtiles) character file.

Game seed: 1008223910777941307

584 qw the Shooter (level 7, -4/40 (59) HPs)
             Began as a Minotaur Hexslinger on July 10, 2023.
             Was an Initiate of Okawaru.
             Slain by Edmund
             ... wielding a +3 flail of draining
              (9 damage)
             ... on level 4 of the Dungeon.
             The game lasted 00:01:39 (3279 turns).

qw the Shooter (Minotaur Hexslinger)                Turns: 3279, Time: 00:01:39

HP:   -4/40 (59)    AC: 12    Str: 12    XL:     7   Next: 14%
MP:   7/7           EV: 11    Int: 10    God:    Okawaru [......]
Gold: 155           SH:  0    Dex: 15    Spells: 7/8 levels left

rFire   . . .        Y - +1 sling
rCold   . . .        (no shield)
rNeg    . . .        b - +3 ring mail
rPois   .            h - +2 hat
rElec   .            (no cloak)
rCorr   .            (no gloves)
SInv    .            g - +1 pair of boots
Will    .....        (no amulet)
Stlth   +            (no ring)
HPRegen 0.26/turn    (no ring)
MPRegen 0.10/turn

%: no passive effects
@: about to teleport, very heavily drained
A: horns 2, retaliatory headbutt
a: Renounce Religion


You were on level 4 of the Dungeon.
You worshipped Okawaru.
Okawaru was noncommittal.
You visited 1 branch of the dungeon, and saw 4 of its levels.

You collected 155 gold pieces.


Innate Abilities, Weirdness & Mutations

You have a pair of horns on your head.
You reflexively headbutt those who attack you in melee.


   Skills:
 - Level 4.0 Fighting
 + Level 7.7 Ranged Weapons
 - Level 1.3 Armour
 - Level 2.1 Dodging
 - Level 1.0 Spellcasting
 - Level 2.0 Hexes


You had 7 spell levels left.
You knew the following spells:

 Your Spells              Type           Power      Damage    Failure   Level
a - Slow                  Hex            16%        N/A       32%         1

Your spell library contained the following spells:

 Spells                   Type           Power      Damage    Failure   Level
 Inner Flame              Hex/Fire       2%         N/A       83%         3
 Portal Projectile        Hex/Tloc       4%         N/A       83%         3
 Cause Fear               Hex            2%         N/A       97%         4

Inventory:

Hand Weapons
 Y - a +1 sling (weapon)
Armour
 b - a +3 ring mail (worn)
 g - a +1 pair of boots (worn)
 h - a +2 hat (worn)
 m - a +0 leather armour of fire resistance
Scrolls
 f - a scroll of identify
 i - a scroll of teleportation
 k - 3 scrolls of enchant weapon {unknown}
Potions
 a - 2 potions of mutation
 c - 2 potions of heal wounds
 d - a potion of might {unknown}
 e - a potion of curing
 j - a potion of degeneration {unknown}
 l - a potion of enlightenment {unknown}

Dungeon Overview and Level Annotations

Branches:
Dungeon (4/15)
 Temple: D:4-7

Altars:
Makhleb
Okawaru

Annotations:
D:4 Edmund


Message History

You feel drained.
You shoot a sling bullet.
The sling bullet hits Edmund but does no damage.
Edmund is heavily wounded.
Edmund hits you but does no damage.
You feel drained.
You shoot a sling bullet. The sling bullet hits Edmund.
Edmund is severely wounded.
Edmund barely misses you.
You shoot a sling bullet. The sling bullet closely misses Edmund.
Edmund hits you but does no damage.
You feel drained.
You shoot a sling bullet.
The sling bullet hits Edmund but does no damage.
Edmund is severely wounded.
Edmund says, "I'm quite good with sums, too."
Edmund hits you with a +3 flail of draining.
You feel drained.
You shoot a sling bullet.
The sling bullet hits Edmund but does no damage.
Edmund is severely wounded.
Edmund hits you but does no damage.
You feel drained.
You shoot a sling bullet.
The sling bullet hits Edmund but does no damage.
Edmund is severely wounded.
Edmund hits you with a +3 flail of draining.
You feel drained. Edmund closely misses you. You furiously retaliate!
You headbutt Edmund. You shoot a sling bullet. The sling bullet hits Edmund.
Edmund is almost dead.
Edmund hits you with a +3 flail of draining.
You feel drained.
You shoot a sling bullet.
The sling bullet hits Edmund but does no damage.
Edmund is almost dead.
Edmund hits you with a +3 flail of draining.
You feel drained.
3279 ||| READING 2 scrolls of teleportation.
As you read the scroll of teleportation, it crumbles to dust.
You feel strangely unstable.
Edmund hits you with a +3 flail of draining!
You die...

# #.######.######
#.# #
#.............#
#.# #
###########%####.#
#.# #####......:#
#.# #.# #.#####
..).).....#.# #.#
#.# #......
#####.###.#.# #.#
#.# ####### #.#
#.#.# #.# #.#
#.###.#.###.####.#
#...........@.##.#
#.....#.###.#@##.#
........# #.#.##?#
........#
#.#)##.###### #
........#
#.#.##......# #
#........
..#.#######.# #
#....#### ###.#
#.# # .### .# #.#
### #.# #..


You could see Edmund.

Vanquished Creatures
  Eustachio (D:4)
  Duvessa (D:4)
  Dowan (D:4)
  Natasha (thrice) (D:2)
  An iguana (D:4)
  7 gnolls
  3 adders
  An ufetubus (D:4)
  2 worms
  5 dart slugs
  4 orcs
  10 ball pythons
  10 bats
  9 endoplasms
  5 giant cockroaches
  9 goblins
  3 hobgoblins
  2 jackals (D:1)
  2 quokkas
  5 frilled lizards
  2 kobolds
  9 rats
95 creatures vanquished.

Notes
Turn   | Place    | Note
-------+----------+-------------------------------------------
     0 | D:1      | qw the Minotaur Hexslinger began the quest for the Orb.
     0 | D:1      | Reached XP level 1. HP: 16/16 MP: 1/1
     0 | D:1      | 0 ||| qw: Version: 0.3-a-52-g30416fa
     0 | D:1      | 0 ||| qw: Game counter: 4923
     0 | D:1      | 0 ||| qw: Melee chars always use a shield: true
     0 | D:1      | 0 ||| qw: God list: Okawaru
     0 | D:1      | 0 ||| qw: Allow faded altars: false
     0 | D:1      | 0 ||| qw: Do Orc after clearing Dungeon:15 true
     0 | D:1      | 0 ||| qw: Do second Lair branch before Depths: true
     0 | D:1      | 0 ||| qw: Lair rune preference: random
     0 | D:1      | 0 ||| qw: Goals: Normal
     0 | D:1      | 0 ||| PLANNING D:1-11
    91 | D:1      | Reached skill level 3 in Ranged Weapons
    91 | D:1      | Reached XP level 2. HP: 15/23 MP: 2/2
   428 | D:1      | Reached XP level 3. HP: 20/29 MP: 3/3
   694 | D:1      | 694 ||| UPGRADING to +0 leather armour.
   704 | D:1      | 704 ||| DROPPING +0 robe.
   705 | D:1      | 705 ||| UPGRADING to +2 hat.
   710 | D:1      | 710 ||| READING scroll labelled JEAZXA DEPLU.
   711 | D:1      | 711 ||| READING scroll labelled IFRYFEUBAMN.
   712 | D:1      | 712 ||| DROPPING scroll of poison.
   847 | D:2      | Reached skill level 4 in Ranged Weapons
   951 | D:2      | Reached XP level 4. HP: 25/36 MP: 4/4
   956 | D:2      | 956 ||| FLEEEEING.
   957 | D:2      | 957 ||| FLEEEEING.
   958 | D:2      | 958 ||| FLEEEEING.
   959 | D:2      | 959 ||| FLEEEEING.
   960 | D:2      | 960 ||| FLEEEEING.
   961 | D:2      | 961 ||| FLEEEEING.
   962 | D:2      | 962 ||| FLEEEEING.
   963 | D:2      | 963 ||| FLEEEEING.
   964 | D:2      | 964 ||| FLEEEEING.
   965 | D:2      | 965 ||| FLEEEEING.
   987 | D:2      | 987 ||| FLEEEEING.
   989 | D:2      | 989 ||| FLEEEEING.
   990 | D:2      | 990 ||| FLEEEEING.
   991 | D:2      | 991 ||| FLEEEEING.
   992 | D:2      | 992 ||| FLEEEEING.
   993 | D:2      | 993 ||| FLEEEEING.
   994 | D:2      | 994 ||| FLEEEEING.
   995 | D:2      | 995 ||| FLEEEEING.
  1017 | D:2      | 1017 ||| FLEEEEING.
  1018 | D:2      | 1018 ||| FLEEEEING.
  1019 | D:2      | 1019 ||| FLEEEEING.
  1020 | D:2      | 1020 ||| FLEEEEING.
  1021 | D:2      | 1021 ||| FLEEEEING.
  1022 | D:2      | 1022 ||| FLEEEEING.
  1023 | D:2      | 1023 ||| STAIRDANCE
  1036 | D:1      | 1036 ||| UPGRADING to +3 ring mail.
  1046 | D:1      | 1046 ||| DROPPING +0 leather armour.
  1053 | D:2      | 1053 ||| STAIRDANCE
  1253 | D:2      | Found a burning altar of Makhleb.
  1289 | D:2      | Reached skill level 1 in Armour
  1293 | D:2      | Reached skill level 5 in Ranged Weapons
  1310 | D:2      | Noticed Natasha
  1317 | D:2      | Killed Natasha
  1318 | D:2      | Reached XP level 5. HP: 44/44 MP: 5/5
  1482 | D:2      | Noticed Natasha
  1499 | D:2      | Killed Natasha
  1500 | D:2      | Reached skill level 3 in Fighting
  1613 | D:2      | Noticed Natasha
  1621 | D:2      | Killed Natasha
  1658 | D:2      | 1658 ||| READING scroll labelled DONTAS ZUSOTO.
  1659 | D:2      | 1659 ||| DRINKING 2 fizzy amethyst potions.
  1660 | D:2      | 1660 ||| READING 3 scrolls of identify.
  1660 | D:2      | 1660 ||| IDENTIFYING coppery potion
  1661 | D:2      | 1661 ||| READING 2 scrolls of identify.
  1661 | D:2      | 1661 ||| IDENTIFYING fuming puce potion
  1662 | D:2      | 1662 ||| DROPPING potion of brilliance.
  1697 | D:3      | 1697 ||| STAIRDANCE
  2029 | D:3      | Found an iron altar of Okawaru.
  2030 | D:3      | 2030 ||| PLANNING OKAWARU WORSHIP
  2030 | D:3      | 2030 ||| READING scroll labelled LOERINN TIFEN.
  2031 | D:3      | 2031 ||| DRINKING 2 red potions.
  2077 | D:3      | 2077 ||| READING 2 scrolls of identify.
  2077 | D:3      | 2077 ||| IDENTIFYING clear potion
  2078 | D:3      | 2078 ||| DROPPING potion of lignification.
  2079 | D:3      | 2079 ||| DROPPING potion of ambrosia.
  2087 | D:3      | Became a worshipper of Warmaster Okawaru
  2088 | D:3      | 2088 ||| PLANNING D:1-11
  2264 | D:3      | 2264 ||| UPGRADING to +0 pair of boots.
  2269 | D:3      | 2269 ||| READING scroll labelled OQATUE BANAD.
  2270 | D:3      | 2270 ||| READING 3 scrolls labelled AVODGH AV RUF.
  2343 | D:4      | Reached skill level 6 in Ranged Weapons
  2396 | D:4      | Reached XP level 6. HP: 50/51 MP: 6/6
  2685 | D:4      | Noticed Eustachio
  2701 | D:4      | HP: 13/52 [iron imp[Eustachio] (4)]
  2702 | D:4      | 2702 ||| READING 2 scrolls of teleportation.
  2856 | D:4      | 2856 ||| READING scroll of enchant armour.
  2856 | D:4      | 2856 ||| ENCHANTING +0 pair of boots.
  2959 | D:4      | 2959 ||| FLEEEEING.
  2966 | D:4      | Killed Eustachio
  3141 | D:4      | Noticed Duvessa
  3141 | D:4      | Noticed Dowan
  3142 | D:4      | 3142 ||| Stepping ~*~*~tactically~*~*~ (outnumbered).
  3151 | D:4      | Killed Duvessa
  3151 | D:4      | Reached * piety under Okawaru
  3152 | D:4      | Reached skill level 7 in Ranged Weapons
  3152 | D:4      | Reached XP level 7. HP: 36/59 MP: 7/7
  3152 | D:4      | 3152 ||| INVOKING Heroism.
  3156 | D:4      | Killed Dowan
  3253 | D:4      | Noticed Edmund
  3254 | D:4      | 3254 ||| INVOKING Heroism.
  3278 | D:4      | HP: 7/42 [Edmund/+3 flail of draining (5)]
  3279 | D:4      | 3279 ||| READING 2 scrolls of teleportation.
  3279 | D:4      | Slain by Edmund

Levels and vault maps discovered:
D:1:      dpeg_arrival_stone_temple_mockup, layout_loops_ring,
          corexii_hall_statues_i
D:2:      layout_loops_ring, basic_altar, minmay_tiny_reverse_x, uniq_natasha
D:3:      layout_rooms, okawaru_ov_weapons_minmay
D:4:      layout_loops_ring, uniq_duvessa, uniq_eustachio, uniq_edmund

Skill      XL: |  1  2  3  4  5  6 |
---------------+-------------------+-----
Ranged Weapons | 3 4 5 6 7 |  7.7
Fighting       | 2 3 4 |  4.0
Armour         | 1 |  1.3
Dodging        | |  2.1
Spellcasting   | |  1.0
Hexes          | |  2.0

Action                     |  1- 3 |  4- 6 |  7- 9 || total
---------------------------+-------+-------+-------++-------
   Fire: Sling             |   124 |   244 |    29 ||   397
 Invoke: Heroism           |       |       |     2 ||     2
    Use: Scroll            |     2 |     9 |     1 ||    12
         Potion            |       |     2 |       ||     2
 Armour: Robe              |    10 |       |       ||    10
         Leather armour    |     4 |       |       ||     4
         Ring mail         |       |    77 |     7 ||    84
  Dodge: Dodged            |    25 |   104 |     8 ||   137

Table legend:
 A = Non-vault XP
 B = Vault XP
 C = Vault XP percentage of total XP
 D = Non-vault monster count
 E = Vault monster count
 F = Vault count percentage of total count
                 A         B        C        D         E       F
            +---------+---------+-------+---------+---------+-------
      Total |     393 |     442 |  52.9 |      89 |       6 |   6.3
            +---------+---------+-------+---------+---------+-------
        D:1 |      62 |       0 |   0.0 |      35 |       0 |   0.0
        D:2 |     183 |      43 |  19.0 |      23 |       3 |  11.5
        D:3 |      81 |       0 |   0.0 |      23 |       0 |   0.0
        D:4 |      67 |     399 |  85.6 |       8 |       3 |  27.3
            +---------+---------+-------+---------+---------+-------
